AoeStats
← Vivement Dimanche

Glade

510735539Analyzed
1v1 RM · 13h ago on Oct 2, 2026· 64m 5s· 2 players
Game mode
Random Map
Map size
Tiny (2 player)
Population
200
Speed
Normal
Resources
Standard
Victory
Conquest
Starting age
Dark Age
Ending age
Imperial Age
RankedLock teamsTeams togetherTeam positionsShared explorationLock speedFull tech treeHidden civsTurbo modeCheats
Victory
Defeat
🇧🇪 Vietnamese · Belgium
1025
+15
🇦🇷 Lithuanians · Argentina
1009
-15
TVHG [GralNox]
6:57 Loom
9:01 Feudal Age
10:27 Wheelbarrow
9:55 Double-Bit Axe
10:51 Man-at-Arms
13:29 Gold Mining
22:40 Castle Age
21:24 Fletching
23:13 Bloodlines
25:26 Crossbowman
30:34 Horse Collar
36:12 Squires
36:56 Pikeman
38:13 Forging
43:37 Imperial Age
44:17 Halberdier
44:49 Cavalier
46:19 Masonry
50:40 Scale Barding Armor
Vivement Dimanche
8:01 Loom
10:07 Feudal Age
11:29 Feudal Age
15:42 Castle Age
14:04 Double-Bit Axe
15:34 Scale Barding Armor
18:40 Fletching
18:55 Gold Mining
18:48 Horse Collar
26:43 Husbandry
26:54 Bloodlines
28:07 Wheelbarrow
27:18 Town Watch
27:28 Stone Mining
27:49 Bow Saw
27:41 Heavy Plow
28:13 Husbandry
28:11 Bodkin Arrow
28:53 Elite Skirmisher
30:23 Forging
30:20 Padded Archer Armor
37:19 Hand Cart
39:54 Town Patrol
42:59 Imperial Age
41:34 Crossbowman
42:54 Light Cavalry
44:36 Imperial Skirmisher
45:54 Chain Barding Armor
46:32 Bracer
48:48 Ballistics
49:29 Chemistry
50:31 Chatras
52:23 Paper Money
54:14 Elite Battle Elephant
61:02 Hoardings
62:03 Plate Barding Armor
61:44 Leather Archer Armor
62:05 Iron Casting
62:53 Two-Man Saw
64:39 Ring Archer Armor
Connection lost

Rejoining the realm…

Still unreachable

The connection could not be restored.

Session expired

The server has moved on; the page needs a fresh start.